[Event "42nd Olympiad Baku 2016 Open"]
[Site "Baku"]
[Date "2016.09.06"]
[Round "5.30"]
[White "Notha, Moakofi"]
[Black "Del Castilho, Martyn"]
[Result "1/2-1/2"]
[ECO "C77"]
[WhiteElo "2119"]
[BlackElo "2248"]
[Annotator ""]
[PlyCount "144"]
[EventDate "2016.??.??"]
[EventType "team-tourn"]
[EventCountry "AZE"]
[SourceTitle "playchess.com"]
[Source "ChessBase"]
[WhiteTeam "Botswana"]
[BlackTeam "Barbados"]
[WhiteTeamCountry "BOT"]
[BlackTeamCountry "BAR"]
[TimeControl "40/5400+30:1800+30"]

1. e4 {(00:00)} e5 {(00:00)} 2. Nf3 {(00:03)} Nc6 {
(00:00)} 3. Bb5 {(00:03)} a6 {(00:01)} 4. Ba4 {(00:
02)} Nf6 {(00:13)} 5. d4 {(00:08)} exd4 {(00:31)} 6. e5 {
(00:02)} Ne4 {(00:18)} 7. O-O {(00:03)} Nc5 {(00:
20)} 8. Bxc6 {(00:53)} dxc6 {(00:32)} 9. Nxd4 {(00:02)}
Ne6 {(00:44)} 10. Nf5 {(00:31)} Qxd1 {(05:36)} 11. Rxd1 {
(00:02)} Bd7 {(03:31)} 12. Be3 {(01:22)} O-O-O {(
10:29)} 13. Nc3 {(00:52)} Nc5 {(06:48)} 14. Ng3 {(01:04)}
Be7 {(01:41)} 15. b4 {(04:11)} Ne6 {(00:14)} 16. Rab1 {
(00:12)} Nf8 {(06:16)} 17. a4 {(04:56)} Ng6 {(06:
49)} 18. f4 {(02:24)} h5 {(12:06)} 19. h3 {(11:54)} Nh4 {
(28:42)} 20. Kh2 {(13:51)} g6 {(01:15)} 21. Bc5 {(
06:07)} Bxc5 {(01:47)} 22. bxc5 {(00:09)} Nf5 {(02:14)}
23. Rb2 {(02:13)} Kb8 {(04:33)} 24. Rdb1 {(12:54)} Bc8 {
(00:04)} 25. Nxf5 {(00:25)} gxf5 {(00:04)} 26. Na2 {
(00:40)} Rd2 {(05:53)} 27. Nb4 {(14:26)} Ka7 {(00:
02)} 28. Nd3 {(01:02)} Rg8 {(00:30)} 29. Ne1 {(03:44)} Rf2
{(01:01)} 30. Rb4 {(01:31)} a5 {(00:42)} 31. Rd4 {(
01:20)} Be6 {(00:12)} 32. Kg1 {(00:50)} Re2 {(00:07)} 33.
Kf1 {(02:57)} Re3 {(00:04)} 34. Kf2 {(03:32)} Rc3 {
(00:10)} 35. Rbd1 {(02:35)} Bd5 {(01:53)} 36. R1d2 {
(09:54)} Rxc5 {(00:31)} 37. g3 {(00:22)} Rc3 {(00:
17)} 38. R2d3 {(00:32)} Rxd3 {(00:21)} 39. Nxd3 {(00:27)}
b6 {(00:40)} 40. Nb2 {(00:00)} Kb7 {(00:00)} 41. Rd1 {
(04:24)} Be6 {(00:36)} 42. c4 {(01:08)} Kc8 {(00:
34)} 43. h4 {(01:18)} Kb7 {(01:32)} 44. Rd2 {(03:27)} Ka6
{(00:26)} 45. Rc2 {(00:59)} Rd8 {(03:21)} 46. Ke3 {
(00:32)} Kb7 {(09:03)} 47. Rc3 {(05:07)} b5 {(04:
50)} 48. cxb5 {(01:44)} cxb5 {(00:08)} 49. Rc5 {(00:39)}
Rd5 {(13:45)} 50. Rxd5 {(12:29)} Bxd5 {(00:01)} 51. Kd4 {
(00:01)} Bb3 {(01:04)} 52. axb5 {(01:27)} Kb6 {(01:
19)} 53. Nd3 {(04:27)} Kxb5 {(00:22)} 54. Kc3 {(00:12)}
Be6 {(00:14)} 55. Nf2 {(00:43)} Kc5 {(00:59)} 56. Nh3 {
(00:36)} Kd5 {(00:35)} 57. Ng5 {(00:16)} Bd7 {(01:
09)} 58. Nh7 {(00:13)} Ke6 {(00:39)} 59. Nf6 {(00:13)} Ke7
{(00:22)} 60. Nxh5 {(00:16)} Kf8 {(00:20)} 61. Nf6 {
(00:25)} Bc6 {(00:08)} 62. g4 {(00:55)} fxg4 {(00:
12)} 63. Nxg4 {(00:01)} Bd7 {(00:21)} 64. Nf6 {(00:23)}
Be6 {(00:14)} 65. h5 {(00:28)} Kg7 {(00:20)} 66. Ne8+ {
(00:47)} Kh6 {(00:04)} 67. Nxc7 {(00:01)} Kxh5 {(
00:05)} 68. Kd4 {(00:41)} Kg4 {(00:21)} 69. Nb5 {(00:53)}
a4 {(00:50)} 70. Kc3 {(00:45)} a3 {(00:45)} 71. Nxa3 {
(00:06)} Kxf4 {(00:09)} 72. Kd4 {(00:02)} Kf5 {(00:
46)} 1/2-1/2

[Event "42nd Olympiad Baku 2016 Open"]
[Site "Baku"]
[Date "2016.09.06"]
[Round "5.34"]
[White "Oberholzer, Rex"]
[Black "Constantinou, Pavlos"]
[Result "1-0"]
[ECO "A37"]
[WhiteElo "2047"]
[BlackElo "2058"]
[Annotator ""]
[PlyCount "73"]
[EventDate "2016.??.??"]
[EventType "team-tourn"]
[EventCountry "AZE"]
[SourceTitle "playchess.com"]
[Source "ChessBase"]
[WhiteTeam "Namibia"]
[BlackTeam "Cyprus"]
[WhiteTeamCountry "NAM"]
[BlackTeamCountry "CYP"]
[TimeControl "40/5400+30:1800+30"]

1. c4 {(00:00)} c5 {(00:00)} 2. Nf3 {(00:00)} Nc6 {
(00:03)} 3. g3 {(00:00)} g6 {(00:05)} 4. Bg2 {(00:
01)} Bg7 {(00:13)} 5. Nc3 {(00:14)} d6 {(00:21)} 6. O-O {
(00:14)} e5 {(00:22)} 7. d3 {(00:13)} Nge7 {(00:15]
} 8. a3 {(00:27)} a5 {(00:25)} 9. Rb1 {(00:08)} O-O {
(02:40)} 10. Bg5 {(00:13)} f6 {(03:08)} 11. Be3 {(
00:09)} Be6 {(03:00)} 12. Ne1 {(01:41)} Rb8 {(01:51)} 13.
Nc2 {(01:07)} Nd4 {(14:50)} 14. b4 {(05:24)} axb4 {
(04:07)} 15. axb4 {(00:54)} d5 {(01:10)} 16. cxd5 {
(10:14)} Nxd5 {(01:29)} 17. Nxd5 {(01:42)} Bxd5 {(
00:04)} 18. Bxd5+ {(00:07)} Qxd5 {(00:09)} 19. bxc5 {(00:
36)} Rbc8 {(17:55)} 20. Nxd4 {(15:38)} exd4 {(00:20)} 21.
Bd2 {(00:08)} Rfe8 {(03:14)} 22. e4 {(04:14)} Qxc5 {
(22:27)} 23. Qb3+ {(05:41)} Kh8 {(00:39)} 24. Rfc1 {
(03:00)} Qf8 {(05:03)} 25. Rxc8 {(15:23)} Rxc8 {(
00:06)} 26. Qxb7 {(00:35)} f5 {(04:10)} 27. Bf4 {(05:29)}
fxe4 {(00:58)} 28. dxe4 {(02:11)} Rd8 {(04:03)} 29. Rb5 {
(06:40)} Qe8 {(05:05)} 30. Rd5 {(03:31)} Rxd5 {(03:
11)} 31. Qxd5 {(00:20)} h6 {(00:14)} 32. h4 {(00:10)} Qa4
{(01:38)} 33. e5 {(04:41)} Qd1+ {(00:58)} 34. Kg2 {
(00:15)} d3 {(01:15)} 35. e6 {(01:40)} Qe2 {(01:19]
} 36. Be3 {(01:21)} Bf6 {(00:40)} 37. e7 {(00:53)} 1-0

[Event "42nd Olympiad Baku 2016 Open"]
[Site "Baku"]
[Date "2016.09.06"]
[Round "5.7"]
[White "Orio, Rogelio L"]
[Black "Benschop, Jomar"]
[Result "1-0"]
[ECO "B21"]
[WhiteElo "1781"]
[BlackElo "1670"]
[Annotator ""]
[PlyCount "61"]
[EventDate "2016.??.??"]
[EventType "team-tourn"]
[EventCountry "AZE"]
[SourceTitle "playchess.com"]
[Source "ChessBase"]
[WhiteTeam "GUM"]
[BlackTeam "ARU"]
[TimeControl "40/5400+30:1800+30"]

1. e4 {(00:00)} c5 {(00:00)} 2. f4 {(00:38)} e5 {(
04:50)} 3. Nf3 {(00:34)} d6 {(08:01)} 4. Bc4 {(00:22)} Nc6
{(04:47)} 5. O-O {(00:30)} exf4 {(07:18)} 6. d3 {(
00:27)} Be6 {(00:10)} 7. Bxe6 {(01:06)} fxe6 {(00:07)} 8.
Bxf4 {(00:26)} e5 {(00:08)} 9. Be3 {(00:51)} Nf6 {(
12:25)} 10. Nc3 {(00:23)} Qd7 {(04:42)} 11. h3 {(03:24)}
Be7 {(00:57)} 12. a3 {(00:53)} h6 {(01:24)} 13. Nd5 {
(02:35)} O-O {(06:16)} 14. c3 {(00:28)} Nxd5 {(14:
15)} 15. exd5 {(00:09)} Nd8 {(00:49)} 16. Qd2 {(01:08)}
Rf6 {(01:57)} 17. Nh2 {(00:32)} Rg6 {(00:51)} 18. Kh1 {
(00:36)} Nf7 {(02:42)} 19. b4 {(00:13)} b6 {(01:35]
} 20. Rab1 {(02:08)} Rb8 {(00:39)} 21. Ng4 {(02:13)} Ng5 {
(02:15)} 22. bxc5 {(00:38)} h5 {(02:29)} 23. c6 {(
04:31)} Qc8 {(04:57)} 24. Nf2 {(00:21)} Nf3 25. gxf3 {(03:
43)} Qf5 {(13:32)} 26. Ne4 {(02:06)} Bh4 {(03:55)} 27. Qe2
{(01:49)} Bg3 {(00:45)} 28. Nxg3 {(02:17)} Rxg3 {(
00:19)} 29. Bg1 {(00:13)} Rf8 {(01:25)} 30. f4 {(01:07)}
Rxh3+ {(00:58)} 31. Bh2 {(00:13)} 1-0

[Event "42nd Olympiad Baku 2016 Open"]
[Site "Baku"]
[Date "2016.09.06"]
[Round "5.18"]
[White "Ortiz, Marcos"]
[Black "Dive, Russell John"]
[Result "1/2-1/2"]
[ECO "C42"]
[WhiteElo "2219"]
[BlackElo "2309"]
[Annotator ""]
[PlyCount "132"]
[EventDate "2016.??.??"]
[EventType "team-tourn"]
[EventCountry "AZE"]
[SourceTitle "playchess.com"]
[Source "ChessBase"]
[WhiteTeam "Nicaragua"]
[BlackTeam "New Zealand"]
[WhiteTeamCountry "NCA"]
[BlackTeamCountry "NZL"]
[TimeControl "40/5400+30:1800+30"]

1. e4 {(00:00)} e5 {(00:00)} 2. Nf3 {(00:00)} Nf6 {
(00:00)} 3. Nxe5 {(00:08)} d6 {(00:00)} 4. Nf3 {(
00:10)} Nxe4 {(00:00)} 5. Qe2 {(00:13)} Qe7 {(00:06)} 6.
d3 {(00:12)} Nf6 {(00:39)} 7. Bg5 {(00:15)} Qxe2+ {
(00:22)} 8. Bxe2 {(00:09)} Be7 {(00:07)} 9. Nc3 {(
00:48)} h6 {(01:19)} 10. Bf4 {(01:08)} O-O {(03:04)} 11.
h3 {(00:24)} Re8 {(02:42)} 12. O-O-O {(00:32)} Nbd7 {
(06:03)} 13. Rhe1 {(02:24)} Nf8 {(08:08)} 14. Bh2 {
(02:05)} a6 {(02:17)} 15. a3 {(02:01)} Bd7 {(08:30]
} 16. d4 {(00:31)} Ne6 {(03:39)} 17. Bf1 {(11:09)} Bf8 {
(02:14)} 18. d5 {(15:22)} Nc5 {(05:49)} 19. Nd4 {(
00:17)} g6 {(02:27)} 20. Be2 {(14:18)} Bg7 {(02:24)} 21.
Bf3 {(05:23)} Kf8 {(03:49)} 22. Bf4 {(04:06)} Nh7 {
(08:43)} 23. Rxe8+ {(07:36)} Rxe8 {(00:10)} 24. g4 {
(00:31)} Ng5 {(08:57)} 25. Bg2 {(00:15)} Nh7 {(10:
11)} 26. Be3 {(03:54)} Nf6 {(00:49)} 27. Re1 {(07:04)} Ng8
{(00:27)} 28. Kd1 {(01:45)} Bf6 {(00:15)} 29. Nde2 {
(02:17)} Na4 {(04:27)} 30. Nxa4 {(01:27)} Bxa4 {(
00:03)} 31. b3 {(00:34)} Bd7 {(00:17)} 32. Kd2 {(01:35)}
Bg7 {(08:57)} 33. Ng3 {(02:28)} Nf6 {(02:12)} 34. Bd4 {
(04:23)} Rxe1 {(01:31)} 35. Kxe1 {(00:05)} Ne8 {(
00:57)} 36. Bxg7+ {(01:17)} Kxg7 {(00:44)} 37. Kd2 {(02:
42)} f5 {(01:43)} 38. gxf5 {(01:10)} Bxf5 {(00:10)} 39. h4
{(01:23)} Kf6 {(01:55)} 40. f4 {(00:00)} Ng7 {(00:
00)} 41. c4 {(01:14)} b6 {(06:41)} 42. Kc3 {(01:32)} Bd7 {
(17:05)} 43. Be4 {(00:28)} Kf7 {(00:28)} 44. b4 {(
05:40)} Ne8 {(00:15)} 45. Kd4 {(03:54)} Nf6 {(01:02)} 46.
Bf3 {(01:27)} Bf5 {(01:32)} 47. c5 {(00:48)} bxc5+ {
(00:34)} 48. bxc5 {(00:08)} Nd7 {(00:34)} 49. cxd6 {
(07:56)} cxd6 {(00:03)} 50. h5 {(03:02)} Kf6 {(06:
42)} 51. hxg6 {(01:19)} Bxg6 {(00:08)} 52. Bg4 {(03:43)}
Nc5 {(00:44)} 53. Be2 {(03:13)} Bb1 {(01:20)} 54. Kc4 {
(01:19)} Ba2+ {(01:05)} 55. Kd4 {(00:09)} Bb1 {(01:
27)} 56. Kc4 {(00:05)} Ba2+ {(00:12)} 57. Kd4 {(00:04)} a5
{(00:23)} 58. Bf3 {(01:58)} Bb1 {(00:45)} 59. Be2 {
(00:17)} Bc2 {(01:09)} 60. Bf3 {(00:46)} Bg6 {(00:
32)} 61. Be2 {(00:12)} Bb1 {(00:49)} 62. Bf3 {(00:35)} Bd3
{(00:24)} 63. Bd1 {(00:47)} Bb5 {(00:18)} 64. Bf3 {
(01:02)} Bd7 {(00:49)} 65. Kc4 {(01:02)} Ba4 {(00:
27)} 66. Kd4 {(00:13)} Bb5 {(00:24] Kd3 Ke5+} 1/2-1/2

[Event "42nd Olympiad Baku 2016 Open"]
[Site "Baku"]
[Date "2016.09.06"]
[Round "5.39"]
[White "Ortiz Suarez, Isan Reynaldo"]
[Black "Lesiege, Alexandre"]
[Result "0-1"]
[ECO "C50"]
[WhiteElo "2581"]
[BlackElo "2512"]
[Annotator ""]
[PlyCount "184"]
[EventDate "2016.??.??"]
[EventType "team-tourn"]
[EventCountry "AZE"]
[SourceTitle "playchess.com"]
[Source "ChessBase"]
[WhiteTeam "Cuba"]
[BlackTeam "Canada"]
[WhiteTeamCountry "CUB"]
[BlackTeamCountry "CAN"]
[TimeControl "40/5400+30:1800+30"]

1. e4 {(00:00)} e5 {(00:00)} 2. Nf3 {(00:00)} Nc6 {
(00:00)} 3. Bc4 {(00:00)} Bc5 {(00:01)} 4. O-O {(
00:01)} Nf6 {(00:19)} 5. d3 {(00:07)} d6 {(00:32)} 6. c3 {
(00:32)} a6 {(00:39)} 7. a4 {(00:48)} Ba7 {(01:07)}
8. Na3 {(02:33)} O-O {(02:15)} 9. Bg5 {(00:56)} Qe7 {
(12:53)} 10. Bb3 {(07:47)} h6 {(14:54)} 11. Bh4 {(
00:54)} Be6 {(05:34)} 12. Nc4 {(01:25)} Nb8 {(01:51)} 13.
Ne3 {(04:12)} Bxe3 {(01:42)} 14. fxe3 {(00:06)} Nbd7 {
(01:39)} 15. Bc2 {(01:28)} a5 {(09:35)} 16. Qe2 {(
08:01)} Qe8 {(01:18)} 17. Nd2 {(06:03)} Nh7 {(02:29)} 18.
d4 {(00:46)} f6 {(03:11)} 19. Bb3 {(03:42)} Bxb3 {(
01:37)} 20. Nxb3 {(00:05)} Nb6 {(07:04)} 21. Nd2 {(00:25)}
Kh8 {(05:11)} 22. b3 {(01:45)} Qg6 {(06:27)} 23. Rae1 {
(13:45)} Rfe8 {(01:21)} 24. h3 {(05:44)} Nf8 {(01:
52)} 25. Kh2 {(01:59)} Nfd7 {(01:03)} 26. Bg3 {(00:50)} c6
{(00:22)} 27. Qf3 {(03:26)} Re7 {(01:18)} 28. c4 {(
11:13)} Nf8 {(00:24)} 29. Qd1 {(06:57)} Nbd7 {(04:41)} 30.
Qa1 {(03:38)} Nh7 {(01:54)} 31. h4 {(08:18)} Qg4 {(
01:21)} 32. Qd1 {(00:06)} Qxd1 {(01:18)} 33. Rxd1 {(00:05]
} Nhf8 {(03:12)} 34. Nb1 {(01:03)} exd4 {(01:46)} 35. Rxd4
{(00:42)} Ne5 {(01:20)} 36. Kh3 {(01:28)} Ne6 {(01:
51)} 37. Rxd6 {(00:48)} Nc5 {(00:05)} 38. Nd2 {(01:23)}
Rae8 {(02:11)} 39. Rf5 {(04:22)} Kg8 {(02:08)} 40. Rd4 {
(00:00)} Kf7 {(00:00)} 41. Rf1 {(17:20)} h5 {(08:
54)} 42. Bf4 {(01:52)} Kg6 {(02:13)} 43. Kg3 {(03:27)} Kh7
{(07:41)} 44. Rd1 {(05:07)} Nf7 {(03:37)} 45. Kf2 {
(01:09)} Ne5 {(04:40)} 46. Ke2 {(00:43)} Rg8 {(02:
13)} 47. Rh1 {(02:55)} Rge8 {(00:27)} 48. Rb1 {(00:30)}
Nf7 {(01:20)} 49. Rd1 {(00:34)} Ne5 {(00:07)} 50. Rf1 {
(00:22)} Kg6 {(01:46)} 51. Bg3 {(00:20)} Ra8 {(02:
05)} 52. Rd1 {(01:27)} Rae8 {(00:11)} 53. Bh2 {(00:45)}
Kh7 {(00:09)} 54. Bf4 {(00:43)} Kg6 {(00:09)} 55. Rb1 {
(01:17)} Nf7 {(00:32)} 56. Rg1 {(00:40)} Ne5 {(00:
08)} 57. Rd1 {(01:13)} Nf7 {(00:09)} 58. Rb1 {(00:27)} Ne5
{(00:04)} 59. Rg1 {(00:14)} Kh7 {(00:07)} 60. Bg3 {
(00:26)} Kg6 {(00:56)} 61. Rb1 {(00:10)} Nf7 {(00:
08)} 62. Bh2 {(00:44)} Ne5 {(00:09)} 63. Nf3 {(00:51)} Nf7
{(02:12)} 64. Nd2 {(00:17)} Ne5 {(00:09)} 65. Rf1 {
(00:25)} Ra8 {(00:23)} 66. Bg3 {(00:47)} Nf7 {(01:
22)} 67. Bd6 {(00:38)} Nxd6 {(00:16)} 68. Rxd6 {(00:02)}
Nxe4 {(00:55)} 69. Nxe4 {(00:05)} Rxe4 {(00:02)} 70. Rf4 {
(00:40)} Re7 {(01:26)} 71. Rfd4 {(00:04)} Rae8 {(
00:10)} 72. Rd3 {(00:06)} Kf5 {(00:23)} 73. Kf3 {(00:06)}
g5 {(00:05)} 74. g3 {(01:30)} Re5 {(01:31)} 75. Rd7 {
(00:15)} b5 {(01:35)} 76. cxb5 {(00:43)} cxb5 {(00:
04)} 77. R7d5 {(00:45)} bxa4 {(00:16)} 78. bxa4 {(00:11)}
g4+ {(00:45)} 79. Ke2 {(00:22)} Rb8 {(00:07)} 80. Rxe5+ {
(01:40)} fxe5 {(00:34)} 81. Rd5 {(00:03)} Ke4 {(00:
05)} 82. Rxa5 {(00:13)} Rb2+ {(00:04)} 83. Kd1 {(01:07)}
Rg2 {(00:56)} 84. Rb5 {(00:09)} Rxg3 {(00:09)} 85. Rb4+ {
(00:32)} Kf3 {(00:18)} 86. Rb5 {(00:41)} Rh3 {(00:
35)} 87. Rxe5 {(00:11)} Rxh4 {(00:12)} 88. Kd2 {(00:33)}
g3 {(00:39)} 89. Rf5+ {(00:09)} Kg4 {(02:02)} 90. Rf8 {
(01:34)} Kh3 {(00:05)} 91. Rg8 {(00:30)} g2 {(00:
16)} 92. Ke2 {(00:19)} Rg4 {(00:24)} 0-1

[Event "42nd Olympiad Baku 2016 Open"]
[Site "Baku"]
[Date "2016.09.06"]
[Round "5.30"]
[White "Oussedik, Mahfoud"]
[Black "Rodgaard, John"]
[Result "1-0"]
[ECO "D02"]
[WhiteElo "2280"]
[BlackElo "2345"]
[Annotator ""]
[PlyCount "63"]
[EventDate "2016.??.??"]
[EventType "team-tourn"]
[EventCountry "AZE"]
[SourceTitle "playchess.com"]
[Source "ChessBase"]
[WhiteTeam "Algeria"]
[BlackTeam "Faroe Islands"]
[WhiteTeamCountry "ALG"]
[BlackTeamCountry "FAI"]
[TimeControl "40/5400+30:1800+30"]

1. Nf3 {(00:00)} d5 {(00:12)} 2. d4 {(00:10)} Nf6 {
(01:29)} 3. g3 {(00:08)} e6 {(06:22)} 4. Bg2 {(00:
20)} Be7 {(00:18)} 5. c4 {(00:12)} O-O {(00:42)} 6. O-O {
(00:05)} dxc4 {(03:31)} 7. Ne5 {(00:23)} Nc6 {(00:
46)} 8. Nxc6 {(00:23)} bxc6 {(00:12)} 9. Na3 {(00:55)}
Bxa3 {(01:06)} 10. bxa3 {(00:04)} Nd5 {(08:52)} 11. Qa4 {
(02:18)} Nb6 {(31:48)} 12. Qa5 {(00:14)} Bb7 {(08:
29)} 13. Bb2 {(21:20)} Qe7 {(01:38)} 14. e4 {(01:34)} f5 {
(09:14)} 15. Bc3 {(05:45)} Qd7 {(03:26)} 16. f3 {(
00:59)} a6 {(03:13)} 17. Rab1 {(03:47)} fxe4 {(02:17)} 18.
fxe4 {(00:05)} Rxf1+ {(00:40)} 19. Rxf1 {(00:05)} Re8 {
(00:56)} 20. Qe5 {(04:27)} Qd6 {(06:25)} 21. Qxd6 {
(05:54)} cxd6 {(00:01)} 22. Rb1 {(00:06)} Na4 {(00:
30)} 23. Be1 {(27:31)} c3 {(02:13)} 24. Rxb7 {(06:05)} c5
{(00:31)} 25. Bf1 {(06:36)} cxd4 {(01:34)} 26. Rb4 {
(00:55)} c2 {(02:13)} 27. Bd2 {(00:05)} Nc3 {(01:
52)} 28. Rxd4 {(00:20)} Rc8 {(00:16)} 29. Rc4 {(00:22)}
Rxc4 {(00:14)} 30. Bxc4 {(00:04)} d5 {(00:11)} 31. exd5 {
(00:09)} exd5 {(00:02)} 32. Bd3 {(00:07)} 1-0

[Event "42nd Olympiad Baku 2016 Open"]
[Site "Baku"]
[Date "2016.09.06"]
[Round "5.9"]
[White "Pace, Colin"]
[Black "Shrestha, Keshav"]
[Result "1-0"]
[ECO "C50"]
[WhiteElo "2172"]
[BlackElo "2099"]
[Annotator ""]
[PlyCount "139"]
[EventDate "2016.??.??"]
[EventType "team-tourn"]
[EventCountry "AZE"]
[SourceTitle "playchess.com"]
[Source "ChessBase"]
[WhiteTeam "Malta"]
[BlackTeam "Nepal"]
[WhiteTeamCountry "MLT"]
[BlackTeamCountry "NEP"]
[TimeControl "40/5400+30:1800+30"]

1. e4 {(00:00)} e5 {(00:00)} 2. Nf3 {(00:00)} Nc6 {
(00:00)} 3. Bc4 {(00:00)} Nf6 {(00:01)} 4. d3 {(00:
00)} Bc5 {(00:44)} 5. c3 {(00:00)} d6 {(01:09)} 6. O-O {
(01:28)} Bb6 {(02:14)} 7. h3 {(07:14)} h6 {(02:08)}
8. Re1 {(11:05)} O-O {(01:29)} 9. Nbd2 {(05:01)} a6 {
(08:38)} 10. Bb3 {(04:31)} Be6 {(07:14)} 11. Bc2 {(
10:58)} Ne7 {(04:02)} 12. d4 {(05:49)} Ng6 {(01:58)} 13.
Nf1 {(00:15)} c6 {(03:25)} 14. Ng3 {(01:24)} Bc7 {(
04:43)} 15. Nf5 {(03:48)} Nh7 {(07:56)} 16. Nh2 {(05:46)}
Bxf5 {(11:44)} 17. exf5 {(00:05)} Nf4 {(01:40)} 18. g3 {
(06:03)} Nd5 {(05:00)} 19. Ng4 {(01:47)} exd4 {(07:
40)} 20. Qxd4 {(01:33)} Ndf6 {(06:09)} 21. Be3 {(06:38)}
Nxg4 {(01:26)} 22. hxg4 {(00:38)} d5 {(05:31)} 23. Kg2 {
(01:15)} Re8 {(01:49)} 24. Qd2 {(05:30)} Qf6 {(01:
29)} 25. Bd4 {(05:48)} Qg5 {(03:00)} 26. Qxg5 {(01:19)}
Nxg5 {(02:36)} 27. f6 {(01:50)} Ne6 {(01:47)} 28. Be3 {
(00:45)} Ng5 {(02:22)} 29. Rh1 {(02:22)} gxf6 {(01:
37)} 30. Rxh6 {(03:07)} Kg7 {(00:19)} 31. Rh5 {(01:40)}
Rh8 {(02:21)} 32. Bd4 {(00:57)} Rxh5 {(00:18)} 33. gxh5 {
(00:01)} Be5 {(01:04)} 34. Be3 {(00:28)} Ne6 {(01:
16)} 35. f4 {(02:53)} Bd6 {(00:33)} 36. Kf3 {(00:34)} Bc5
{(01:01)} 37. Bd2 {(02:26)} Rh8 {(00:51)} 38. g4 {(
01:31)} d4 {(00:30)} 39. Rd1 {(00:26)} Rd8 {(00:21)} 40.
Be1 {(00:00)} Bb6 {(00:00)} 41. Bh4 {(11:07)} dxc3 {
(04:23)} 42. Rxd8 {(02:10)} Bxd8 {(00:24)} 43. bxc3 {
(00:11)} b5 {(01:52)} 44. Bf2 {(03:08)} c5 {(04:17]
} 45. Ke4 {(05:03)} Ba5 {(03:29)} 46. Be1 {(04:09)} c4 {
(02:01)} 47. Bd2 {(01:41)} Bc7 {(02:16)} 48. g5 {(
01:24)} fxg5 {(00:49)} 49. fxg5 {(00:02)} a5 {(03:51)} 50.
h6+ {(02:22)} Kg8 {(00:40)} 51. Kf5 {(02:09)} Nf8 {
(01:43)} 52. a4 {(01:25)} bxa4 {(00:38)} 53. Bxa4 {
(00:01)} Ng6 {(02:49)} 54. Bb5 {(00:34)} Ne7+ {(01:
24)} 55. Ke4 {(00:33)} Bd8 {(01:48)} 56. Bxc4 {(00:22)} a4
{(00:28)} 57. Bc1 {(01:18)} Ng6 {(01:07)} 58. Kf5 {
(00:33)} Nh4+ {(01:23)} 59. Kg4 {(00:59)} Ng6 {(00:
02)} 60. Bb5 {(00:24)} Ba5 {(00:20)} 61. c4 {(01:00)} Bb4
{(01:11)} 62. Bxa4 {(02:18)} Ne5+ {(00:10)} 63. Kf5 {
(00:33)} Nxc4 {(00:17)} 64. Bb3 {(00:15)} Nd6+ {(
03:01)} 65. Ke5 {(00:15)} Kf8 {(01:34)} 66. Bb2 {(00:51)}
Ne8 {(00:55)} 67. Bc2 {(00:45)} Kg8 {(01:02)} 68. Kd5 {
(00:34)} f6 {(01:16)} 69. gxf6 {(00:30)} Kf7 {(00:
43)} 70. h7 {(00:32)} 1-0

[Event "42nd Olympiad Baku 2016 Open"]
[Site "Baku"]
[Date "2016.09.06"]
[Round "5.14"]
[White "Palac, Mladen"]
[Black "Kosic, Dragan"]
[Result "1-0"]
[ECO "C10"]
[WhiteElo "2623"]
[BlackElo "2517"]
[Annotator ""]
[PlyCount "83"]
[EventDate "2016.??.??"]
[EventType "team-tourn"]
[EventCountry "AZE"]
[SourceTitle "playchess.com"]
[Source "ChessBase"]
[WhiteTeam "Croatia"]
[BlackTeam "Montenegro"]
[WhiteTeamCountry "CRO"]
[BlackTeamCountry "MNE"]
[TimeControl "40/5400+30:1800+30"]

1. e4 {(00:00)} e6 {(00:00)} 2. d4 {(00:00)} d5 {(
00:00)} 3. Nc3 {(00:00)} dxe4 {(00:12)} 4. Nxe4 {(00:00)}
Nd7 {(00:09)} 5. Nf3 {(00:22)} Ngf6 {(03:37)} 6. Bd3 {
(01:12)} Nxe4 {(04:42)} 7. Bxe4 {(06:26)} Nf6 {(00:
37)} 8. Bg5 {(00:45)} Be7 {(00:36)} 9. Bd3 {(00:15)} h6 {
(00:08)} 10. Bh4 {(00:47)} c5 {(02:25)} 11. dxc5 {(
01:07)} Qa5+ {(00:24)} 12. c3 {(01:26)} Qxc5 {(00:09)} 13.
Qe2 {(07:07)} Bd7 {(03:05)} 14. Ne5 {(04:44)} Bc6 {
(02:29)} 15. O-O {(22:23)} O-O {(05:57)} 16. Rad1 {
(03:28)} a5 {(11:32)} 17. Kh1 {(03:34)} Rfd8 {(05:
34)} 18. f4 {(07:05)} Be8 {(00:24)} 19. f5 {(10:40)} Rd5 {
(10:53)} 20. Rde1 {(03:06)} Rad8 {(06:53)} 21. fxe6 {
(05:39)} fxe6 {(05:01)} 22. Bc4 {(05:26)} Rd2 {(11:
16)} 23. Bxe6+ {(00:04)} Kh8 {(00:56)} 24. Qf3 {(00:02)}
Rxb2 {(13:37)} 25. Nd3 {(02:01)} Rxd3 {(04:25)} 26. Qxd3 {
(00:01)} Bc6 {(00:15)} 27. Re2 {(01:13)} Rxe2 {(02:
18)} 28. Qxe2 {(00:01)} Qxc3 {(00:11)} 29. Bf5 {(08:45)}
Qc5 {(01:37)} 30. Bd3 {(01:09)} Qd5 {(00:55)} 31. Bc4 {
(03:20)} Qd4 {(01:41)} 32. Bxf6 {(00:52)} Bxf6 {(
00:37)} 33. Rd1 {(00:04)} Qc5 {(02:37)} 34. Qe6 {(00:48)}
Qf8 {(00:19)} 35. Bd5 {(00:06)} Bxd5 {(01:11)} 36. Qxd5 {
(01:38)} Qb4 {(00:14)} 37. Rc1 {(00:45)} Qf4 {(00:
59)} 38. Rc8+ {(01:18)} Kh7 39. Qd3+ {(00:05)} g6 {(00:22]
} 40. Qc4 {(00:00)} Qxc4 {(00:00)} 41. Rxc4 {(00:20)} b6 {
(01:30)} 42. Rc7+ {(00:18)} 1-0